AoeStats
← TheSickBag

Arabia

505963532Analyzed
3v3 RM · 21d ago on Sep 11, 2026· 38m 41s· 6 players
Game mode
Random Map
Map size
Normal (6 player)
Population
200
Speed
Normal
Resources
Standard
Victory
Conquest
Starting age
Dark Age
Ending age
Imperial Age
RankedLock teamsTeams togetherTeam positionsShared explorationLock speedFull tech treeHidden civsTurbo modeCheats
Victory
Defeat
🇮🇱 Armenians · Israel
835
+18
🇩🇪 Saracens · Germany
833
+18
🇬🇧 Cumans · United Kingdom
825
+18
🇬🇧 Britons · United Kingdom
940
-68
🇬🇧 Japanese · United Kingdom
858
-17
🇬🇧 Burgundians · United Kingdom
808
-15
Derbish
2:29 Loom
10:07 Feudal Age
23:09 Castle Age
21:27 Double-Bit Axe
22:04 Stone Mining
22:48 Gold Mining
27:24 Fervor
27:56 Wheelbarrow
27:20 Horse Collar
34:07 Bow Saw
35:12 Gold Shaft Mining
38:32 Imperial Age
36:32 Man-at-Arms
36:57 Gambesons
37:13 Squires
36:59 Arson
37:22 Heavy Plow
37:57 Long Swordsman
38:45 Scale Mail Armor
38:55 Forging
38:36 Fletching
39:32 Hand Cart
Budhampton
0:34 Loom
11:27 Feudal Age
17:52 Castle Age
15:41 Double-Bit Axe
18:48 Pikeman
20:30 Stone Mining
24:18 Wheelbarrow
24:38 Bow Saw
27:53 Forging
29:19 Capped Ram
32:10 Squires
34:00 Fletching
34:11 Padded Archer Armor
34:46 Bodkin Arrow
35:14 Ballistics
38:27 Imperial Age
36:19 Gold Mining
36:18 Horse Collar
Hoodie Melo
8:11 Loom
11:23 Feudal Age
12:04 Double-Bit Axe
12:25 Horse Collar
14:47 Wheelbarrow
14:40 Scale Barding Armor
14:47 Forging
17:50 Bloodlines
17:57 Gold Mining
23:52 Castle Age
22:13 Fletching
24:48 Hand Cart
24:34 Heavy Plow
24:45 Bow Saw
24:51 Husbandry
25:01 Town Watch
27:03 Chain Barding Armor
28:28 Iron Casting
30:22 Stone Mining
31:09 Gold Shaft Mining
31:51 Ballistics
31:11 Treadmill Crane
31:41 Masonry
33:56 Bodkin Arrow
37:10 Imperial Age
34:55 Light Cavalry
36:46 Town Patrol
37:10 Bimaristan
38:25 Conscription
38:45 Plate Barding Armor
38:17 Onager
38:18 Elite Mameluke
TheSickBag
6:09 Loom
12:30 Feudal Age
13:05 Double-Bit Axe
14:38 Man-at-Arms
15:24 Horse Collar
23:20 Wheelbarrow
22:30 Town Watch
23:33 Forging
23:24 Scale Mail Armor
27:50 Castle Age
26:56 Gold Mining
27:01 Stone Mining
27:57 Long Swordsman
30:40 Iron Casting
30:32 Gambesons
30:53 Squires
32:46 Bow Saw
35:26 Hand Cart
37:11 Pikeman
NUFCXXCHARLES
5:34 Loom
8:24 Double-Bit Axe
12:42 Feudal Age
20:35 Gold Mining
20:59 Bow Saw
20:21 Man-at-Arms
24:10 Castle Age
24:08 Scale Barding Armor
24:14 Forging
25:17 Wheelbarrow
24:31 Town Watch
26:03 Husbandry
25:23 Cavalier
26:59 Hand Cart
26:45 Town Patrol
29:29 Stone Mining
37:43 Imperial Age
37:36 Iron Casting
The_Slayer_XD
16:05 Feudal Age
27:21 Loom
35:49 Castle Age
Connection lost

Rejoining the realm…

Still unreachable

The connection could not be restored.

Session expired

The server has moved on; the page needs a fresh start.